 Dungeon Crawl Stone Soup version 0.24-a0-131-g11e5bb6019 (webtiles) character file.

Game seed: 0

771957 prestonbroadus the Acrobat (level 27, 0/377 (379) HPs)
             Began as a Deep Dwarf Earth Elementalist on Feb 25, 2019.
             Was the Champion of Makhleb.
             Killed from afar by a Brimstone Fiend (39 damage)
             ... with damnation
             ... on level 7 of Gehenna on Feb 27, 2019.
             The game lasted 06:27:31 (70881 turns).

prestonbroadus the Acrobat (DDEE)                  Turns: 70881, Time: 06:27:31

HP:   0/377 (379)   AC: 37    Str: 25    XL:     27
MP:   19/38         EV: 47    Int: 22    God:    Makhleb [******]
Gold: 7211          SH: 22    Dex: 24    Spells: 13/59 levels left

rFire    + . .     SeeInvis +   I - +9 broad axe (venom)
rCold    + + +     Gourm    .   R - +2 shield of Resistance {rF+ rC+ MR+}
rNeg     + + .     Faith    .   (armour currently unavailable)
rPois    ∞         Spirit   .   r - +2 helmet {SInv}
rElec    +         Reflect  +   m - scarf {repulsion}
rCorr    .         Harm     .   (gloves currently unavailable)
MR       +++++                  (boots currently unavailable)
Stlth    ++++......             S - amulet of Joy {Reflect MR- Str+6 Dex+4 SH+4}
HPRegen  0.00/turn              O - ring of Phasing {EV+8}
MPRegen  0.26/turn              Q - ring of Jijib {rElec rC++ MR+ AC+5}

@: agile, statue-form, non-regenerating, hasted, repel missiles
A: damage resistance, heal wounds, thin skeletal structure 1, low mp 1, mutation
resistance 1, negative energy resistance 1, sense surroundings 3, robust 1, no
regeneration
}: 3/15 runes: serpentine, barnacled, silver
a: Heal Wounds, End Transformation, Minor Destruction, Lesser Servant of
Makhleb, Major Destruction, Greater Servant of Makhleb, Renounce Religion


You were on level 7 of Gehenna.
You worshipped Makhleb.
Makhleb was exalted by your worship.
You were not hungry.
You were a stone statue.
You visited 13 branches of the dungeon, and saw 61 of its levels.
You visited the Abyss 1 time.
You visited 1 ziggurat, and saw 15 of its levels.
You also visited: Sewer, Ice Cave and Desolation.

You collected 12273 gold pieces.
You spent 5062 gold pieces at shops.

Inventory:

Hand Weapons
 v - a +9 broad axe of flaming
 I - a +9 broad axe of venom (weapon)
Missiles
 s - 6 throwing nets (quivered)
Armour
 m - a scarf of repulsion (worn)
 r - a +2 helmet of see invisible (worn)
 y - a +2 pair of gloves of dexterity (melded)
 K - the +1 pair of boots of Elyvilon's Hatred (melded) {rElec rF++ MR+ Stlth-}
   (You found it on level 5 of the Realm of Zot)

   It greatly protects you from fire.
   It insulates you from electricity.
   It affects your resistance to hostile enchantments.
   It makes you less stealthy.
 R - the +2 shield of Resistance (worn) {rF+ rC+ MR+}
   (You found it on level 13 of the Dungeon)

   It protects you from fire.
   It protects you from cold.
   It affects your resistance to hostile enchantments.
 T - the +7 chain mail of the Vaults (melded) {Int+4 Dex+6}
   (You found it in an ice cave)

   It affects your intelligence (+4).
   It affects your dexterity (+6).
 X - the +0 pair of boots of Circular Logic {rCorr Str+2 Dex+2}
   (You found it on level 4 of the Shoals)

   It affects your strength (+2).
   It affects your dexterity (+2).
   It provides partial protection from all sources of acid and corrosion.
Jewellery
 h - the ring of Incredulity {rF++ Dex+3 Stlth+}
   (You took it off an imperial myrmidon in the Desolation of Salt)

   [ring of dexterity]

   It affects your dexterity (+3).
   It greatly protects you from fire.
   It makes you more stealthy.
 G - the ring of the Mage {Wiz MR++ Int+3}
   (You bought it in a shop on level 13 of the Dungeon)

   [ring of wizardry]

   It improves your spell success rate.
   It affects your intelligence (+3).
   It affects your resistance to hostile enchantments.
 O - the ring of Phasing (left hand) {EV+8}
   (You found it on level 3 of the Crypt)

   [ring of evasion]

   It affects your evasion (+8).
 Q - the ring of Jijib (right hand) {rElec rC++ MR+ AC+5}
   (You found it on level 11 of a ziggurat)

   [ring of protection]

   It affects your AC (+5).
   It greatly protects you from cold.
   It insulates you from electricity.
   It affects your resistance to hostile enchantments.
 S - the amulet of Joy (around neck) {Reflect MR- Str+6 Dex+4 SH+4}
   (You took it off a deep elf death mage on level 3 of the Elven Halls)

   [amulet of reflection]

   It shields you and reflects attacks.
   It affects your strength (+6).
   It affects your dexterity (+4).
   It affects your resistance to hostile enchantments.
   It affects your SH (+4).
Wands
 e - a wand of clouds (7)
 p - a wand of enslavement (20)
 x - a wand of acid (20)
 D - a wand of iceblast (31)
 J - a wand of digging (12)
 W - a wand of paralysis (7)
Scrolls
 a - 33 scrolls of remove curse
 c - 12 scrolls of blinking
 j - 6 scrolls of silence
 k - 34 scrolls of teleportation
 n - 14 scrolls of magic mapping
 o - 8 scrolls of identify
 z - 11 scrolls of fog
 L - 10 scrolls of fear
 U - a scroll of summoning
 Y - a scroll of holy word
Potions
 f - 5 potions of magic
 l - 13 potions of brilliance
 q - 11 potions of haste
 t - 6 potions of invisibility
 w - 19 potions of curing
 A - 5 potions of agility
 B - 4 potions of ambrosia
 E - 6 potions of might
 F - 9 potions of heal wounds
 H - 4 potions of mutation
 M - 3 potions of lignification
 N - 3 potions of cancellation
 P - a potion of resistance
 Z - 5 potions of berserk rage
Miscellaneous
 b - 8 boxes of beasts
 g - 3 sacks of spiders
 i - 3 phantom mirrors
 u - a lamp of fire
 C - a phial of floods
 V - the horn of Geryon
Comestibles
 d - 84 rations


   Skills:
 - Level 19.5 Fighting
   Level 3.1 Long Blades
 - Level 21.6 Axes
 - Level 20.0 Armour
 - Level 22.5 Dodging
 - Level 2.4 Stealth
 - Level 16.5 Shields
 * Level 16.5 Spellcasting
 * Level 14.3 Conjurations
 - Level 12.0 Necromancy
 * Level 10.7 Translocations
 - Level 5.8 Transmutations
 - Level 21.5 Earth Magic
 - Level 15.8 Invocations
 - Level 14.1 Evocations


You had 13 spell levels left.
You knew the following spells:

 Your Spells              Type           Power        Failure   Level  Hunger
a - Statue Form           Tmut/Erth      ######...    1%          6    ####...
b - Stone Arrow           Conj/Erth      ######       0%          3    None
c - Lee's Rapid Deconstr  Erth           #######...   0%          5    ##.....
d - Iron Shot             Conj/Erth      #######...   1%          6    ####...
e - Apportation           Tloc           ######       1%          1    None
f - Passwall              Tmut/Erth      ######..     0%          2    None
g - Blink                 Tloc           N/A          1%          2    None
h - Lesser Beckoning      Tloc           ######....   1%          3    None
i - Animate Skeleton      Necr           N/A          1%          1    None
j - Conjure Flame         Conj/Fire      #####...     1%          3    None
k - Passage of Golubria   Tloc           N/A          1%          4    None
x - Bolt of Draining      Conj/Necr      ######....   1%          5    ##.....
z - Borgnjor's Vile Clut  Necr/Erth      #######...   1%          5    ##.....

Your spell library contained the following spells:

 Spells                   Type           Power        Failure   Level  Hunger
 Magic Dart               Conj           ####         0%          1    None
 Sandblast                Erth           ######       0%          1    None
 Flame Tongue             Conj/Fire      #####        1%          1    None
 Pain                     Necr           ####         1%          1    None
 Shock                    Conj/Air       ####         1%          1    None
 Corpse Rot               Necr           N/A          1%          2    None
 Shroud of Golubria       Chrm/Tloc      #####.....   1%          2    None
 Sublimation of Blood     Necr           ######....   1%          2    None
 Throw Flame              Conj/Fire      #####.       1%          2    None
 Throw Frost              Conj/Ice       #####.       1%          2    None
 Dazzling Spray           Conj/Hex       #####.       1%          3    None
 Gell's Gravitas          Tloc           ######....   1%          3    None
 Mephitic Cloud           Conj/Pois/Air  #####...     1%          3    None
 Portal Projectile        Hex/Tloc       #####.       1%          3    None
 Recall                   Summ/Tloc      N/A          1%          3    None
 Static Discharge         Conj/Air       #####...     1%          3    None
 Teleport Other           Tloc           ######..     1%          3    None
 Vampiric Draining        Necr           ######....   1%          3    None
 Animate Dead             Necr           N/A          1%          4    None
 Force Lance              Conj/Tloc      ######..     1%          4    None
 Leda's Liquefaction      Hex/Erth       ######....   1%          4    None
 Petrify                  Tmut/Erth      ######..     1%          4    None
 Sticky Flame             Conj/Fire      #####...     1%          4    None
 Throw Icicle             Conj/Ice       #####...     1%          4    None
 Agony                    Necr           ######..     1%          5    ##.....
 Bolt of Magma            Conj/Fire/Erth ######....   1%          5    ##.....
 Dispel Undead            Necr           ######..     1%          5    ##.....
 Irradiate                Conj/Tmut      ######....   1%          5    ##.....
 Spider Form              Tmut/Pois      ####......   2%          3    None
 Confusing Touch          Hex            ###...       3%          1    None
 Corona                   Hex            ###....      3%          1    None
 Freeze                   Ice            ###.         3%          1    None
 Infusion                 Chrm           ###.         3%          1    None
 Summon Butterflies       Summ           ###.....     3%          1    None
 Summon Small Mammal      Summ           ###.         3%          1    None
 Death Channel            Necr           ######....   3%          6    ####...
 Call Imp                 Summ           ###.....     4%          2    None
 Ensorcelled Hibernation  Hex/Ice        ###...       4%          2    None
 Poisonous Vapours        Pois/Air       ###...       4%          2    None
 Slow                     Hex            ###.....     4%          2    None
 Song of Slaying          Chrm           ###.....     4%          2    None
 Swiftness                Chrm/Air       ###.....     4%          2    None
 Ignite Poison            Fire/Tmut/Pois ####....     4%          3    None
 Fireball                 Conj/Fire      #####.....   4%          5    ##.....
 Iskenderun's Battlesphe  Conj/Chrm      #####...     4%          5    ##.....
 Lightning Bolt           Conj/Air       #####.....   4%          5    ##.....
 Venom Bolt               Conj/Pois      #####.....   4%          5    ##.....
 Dispersal                Tloc           ######....   6%          6    ####...
 Excruciating Wounds      Chrm/Necr      #####.....   8%          5    ##.....
 Orb of Destruction       Conj           ######....   8%          7    ######.
 Call Canine Familiar     Summ           ###.....     10%         3    None
 Confuse                  Hex            ###.....     10%         3    None
 Inner Flame              Hex/Fire       ###.....     10%         3    None
 Ozocubu's Armour         Chrm/Ice       ###.....     10%         3    None
 Spectral Weapon          Hex/Chrm       ###.....     10%         3    None
 Tukima's Dance           Hex            ###.....     10%         3    None
 Ice Form                 Ice/Tmut       ####....     10%         4    None
 Summon Forest            Summ/Tloc      #####.....   10%         5    ##.....
 Alistair's Intoxication  Tmut/Pois      ####....     26%         5    ##.....
 Yara's Violent Unravell  Hex/Tmut       ####......   26%         5    ##.....
 Bolt of Cold             Conj/Ice       #####.....   26%         6    ####...
 Bolt of Fire             Conj/Fire      #####.....   26%         6    ####...
 Conjure Ball Lightning   Conj/Air       #####.....   26%         6    ####...
 Airstrike                Air            ###.......   30%         4    None
 Cause Fear               Hex            ###.......   30%         4    None
 Summon Ice Beast         Ice/Summ       ###.....     30%         4    None
 Summon Lightning Spire   Summ/Air       ###.....     30%         4    None
 Hydra Form               Tmut           #####.....   38%         6    ####...
 Simulacrum               Ice/Necr       #####.....   38%         6    ####...
 Freezing Cloud           Conj/Ice/Air   #####.....   56%         6    ####...
 Metabolic Englaciation   Hex/Ice        ###.......   65%         5    ##.....
 Silence                  Hex/Air        ###.......   65%         5    ##.....
 Summon Mana Viper        Hex/Summ       ###.....     65%         5    ##.....
 Spellforged Servitor     Conj/Summ      #####.....   80%         7    ######.
 Borgnjor's Revivificati  Necr           ######....   83%         8    #######
 Infestation              Necr           ######....   83%         8    #######
 Haunt                    Necr/Summ      #####.....   92%         7    ######.
 Dragon Form              Tmut           #####.....   93%         7    ######.
 Controlled Blink         Tloc           N/A          94%         8    #######
 Disjunction              Tloc           ######....   94%         8    #######
 Malign Gateway           Summ/Tloc      #####.....   96%         7    ######.
 Darkness                 Hex            ###.......   99%         6    ####...
 Deflect Missiles         Chrm/Air       ###.......   99%         6    ####...
 Invisibility             Hex            ###.....     99%         6    ####...
 Ozocubu's Refrigeration  Ice            ###.......   99%         6    ####...
 Necromutation            Tmut/Necr      ######....   99%         8    #######
 Monstrous Menagerie      Summ           ###.......   100%        7    ######.
 Ring of Flames           Chrm/Fire      ###.......   100%        7    ######.
 Summon Greater Demon     Summ           ###.......   100%        7    ######.
 Summon Hydra             Summ           ###.......   100%        7    ######.
 Death's Door             Chrm/Necr      #####.....   100%        8    #######
 Discord                  Hex            ###.......   100%        8    #######
 Ignition                 Fire           ###.......   100%        8    #######
 Summon Horrible Things   Summ           ###.......   100%        8    #######
 Dragon's Call            Summ           ###.......   100%        9    #######
 Tornado                  Air            ###.......   100%        9    #######
 Regeneration             Chrm/Necr      Unusable     N/A         3    N/A

Dungeon Overview and Level Annotations

Branches:
Dungeon (15/15)            Temple (1/1) D:5            Lair (6/6) D:9
 Shoals (4/4) Lair:2        Snake (4/4) Lair:3        Slime (0/5) Lair:5
    Orc (2/2) D:9             Elf (3/3) Orc:2        Vaults (5/5) D:14
  Crypt (3/3) Vaults:3       Tomb (0/3) Crypt:3      Depths (5/5) D:15
   Hell (1/1)                 Dis (0/7) Hell            Geh (7/7) Hell
    Coc (0/7) Hell            Zot (5/5) Depths:5
    Tar: Hell:1

Altars:
Ashenzari
Cheibriados
Dithmenos
Elyvilon
Fedhas
Gozag
Hepliaklqana
Kikubaaqudgha
Makhleb
Nemelex Xobeh
Okawaru
Qazlal
Ru
Sif Muna
Trog
Uskayaw
Vehumet
Wu Jian
Xom
Yredelemnul
Zin
The Shining One
Beogh
Jiyva

Shops:
D:13 =   Orc:1 [   Orc:2 *[=}   Elf:1 %   Elf:2 ((*   Shoals:2 %   Shoals:3 :
Snake:2 *   Vaults:3 %   Depths:2 }==?[*[   Depths:3 ?   Depths:5 !

Portals:
Hell: Depths:1 Depths:2 Depths:3 Depths:4 Depths:5
Abyss: Depths:2 Depths:4
Pandemonium: Depths:2 Depths:3 Depths:4

Annotations:
D:3 Sigmund
D:7 exclusion: electric eel
D:11 1 runed translucent door
Lair:4 1 runed translucent door, hemabe's ghost, journeyman HuAr
Lair:5 1 runed translucent door
Shoals:3 1 runed translucent door, Joeleu's ghost, journeyman DDFi
Crypt:2 3 runed translucent doors, elum's ghost, veteran DsSu


Innate Abilities, Weirdness & Mutations

You are resistant to damage.
You can heal yourself by infusing magical energy.
You resist negative energy. (rN+)
You passively map a large area around you.
You do not regenerate.
You have a somewhat thin skeletal structure. (Dex +2, Stealth)
Your magical capacity is low. (-10% MP)
You are somewhat resistant to further mutation.
You are robust. (+10% HP)


Message History

Zombie hands grab the Brimstone Fiend.
The zombie hands constrict the Brimstone Fiend.
You block the Brimstone Fiend's attack. x2
The Brimstone Fiend completely misses you.
Unknown command.
Unknown command.
You hit the Brimstone Fiend but do no damage.
The Brimstone Fiend is moderately wounded.
The zombie hands constrict the Brimstone Fiend.
The Brimstone Fiend gestures at you.
The sphere of damnation explodes!
The damnation engulfs you!!!
* * * LOW HITPOINT WARNING * * *
The damnation engulfs the Brimstone Fiend.
The Brimstone Fiend completely resists.
You slice the Brimstone Fiend!!
The Brimstone Fiend is heavily wounded.
The zombie hands constrict the Brimstone Fiend!
The Brimstone Fiend gestures at you.
The sphere of damnation explodes!
The damnation engulfs you!!!
You die...

,,,,,#........##############....#
,,,,,#........#...........)'....#
,,,,,#........#.)..........#....#
,,,,,#.).|..).#'#################
,,,,,########'#.............#....
,,,,,#$$$$$$).#.............#....
≈,,,,#$$$$$$#.#.............#..≈≈
,,,,,#$$.$$$#.#############'#.≈§≈
,,,,,#$$$$$$#..18...........#)≈≈.
≈≈,,,#########'##############....
≈≈≈,,,,,,,,,*#...1....,,*#...))).
≈≈≈≈≈,,,,,,,*##....1..,,*#......≈
≈≈≈≈≈≈,,,,,,,**.......,,*#.)§§§≈§
≈≈≈≈≈≈≈≈≈,,,,**######+***#..≈§≈≈§
≈≈≈≈≈≈≈≈≈≈,,,********+*###..§§≈≈≈
≈≈≈≈≈≈≈≈≈≈≈≈,,**,,,,,,*#...§≈§≈≈§
≈≈≈≈≈≈≈≈≈≈≈,,,**,,,,,,*#..§§≈≈§§≈


You could see a Brimstone Fiend.

Vanquished Creatures
  2 juggernauts
  5 ancient liches
  14 greater mummies
  Boris (Crypt:1)
  3 shard shrikes (Zig:13)
  Frederick (Vaults:3)
  Vashnia (Snake:2)
  Bai Suzhen (Crypt:2)
  Margery (Vaults:3)
  A curse toe (Zot:4)
  Geryon (Hell)
  6 caustic shrikes
  Nikola (Shoals:2)
  8 golden dragons
  Jory (Vaults:3)
  3 bone dragons
  3 profane servitors
  The ghost of P0WERM0DE the Champion of Chaos, an adept DDFi of Makhleb (Zot:5)
  10 Brimstone Fiends
  2 iron giants
  Jorgrun (D:11)
  An electric golem (Zot:1)
  Rupert (Lair:6)
  2 Hell Sentinels (Zig:9)
  Asterion (Elf:3)
  12 tentacled monstrosities
  6 liches
  3 Ice Fiends (Zig:13)
  6 quicksilver dragons
  8 titans
  2 deep elf master archers (Elf:3)
  2 deep elf blademasters (Elf:3)
  2 acid blobs (Zig:7)
  9 death cobs
  3 sphinxes
  An Executioner (Abyss:2)
  2 tentacled starspawn
  5 shadow dragons
  A kraken (Shoals:2)
  16 tengu reavers
  15 storm dragons
  7 nagarajas
  4 draconian monks
  3 revenants
  Donald (Shoals:1)
  Kirke (Lair:6)
  An azure jelly (Zig:7)
  Ilsuiw (Shoals:2)
  5 draconian knights
  2 iron dragons
  13 deep elf sorcerers
  11 fire giants
  Aizul (Snake:4)
  15 ghouls
  11 balrugs
  6 draconian scorchers
  2 emperor scorpions (Zig:10)
  22 vault wardens
  2 imperial myrmidons (Desolation)
  4 ghost moths
  12 frost giants
  12 deep elf elementalists
  8 draconian shifters
  An orc warlord (Orc:2)
  3 draconian stormcallers
  3 curse skulls
  4 draconian annihilators
  16 ironheart preservers
  4 war gargoyles
  8 reapers
  17 stone giants
  2 bennus (Zig:11)
  2 spriggan defenders (Depths:4)
  9 vampire knights
  7 deep elf demonologists
  6 entropy weavers
  23 very ugly things
  7 red draconians
  3 lorocyprocas (Hell)
  2 halazid warlocks (Desolation)
  6 yellow draconians
  10 black draconians
  11 green draconians
  13 white draconians
  3 dire elephants (Lair:6)
  9 purple draconians
  Snorg (D:11)
  8 deep elf annihilators
  A spark wasp (Depths:1)
  16 ettins
  11 mummy priests
  4 blizzard demons
  9 deep elf death magi
  A death ooze (Zig:7)
  9 merfolk javelineers
  14 yaktaur captains
  10 eidola
  7 deep elf high priests
  21 fire dragons
  8 merfolk impalers
  8 jiangshi
  2 crystal guardians
  7 ragged hierophants (Desolation)
  3 quicksilver dragon skeletons
  2 green deaths
  A great orb of eyes (shapeshifter) (Vaults:3)
  8 great orbs of eyes
  45 vault guards
  8 rakshasas
  7 servants of whispers (Desolation)
  2 spriggan air magi
  12 ice dragons
  7 hydras
  18 naga warriors
  14 peacekeepers (Desolation)
  3 merfolk aquamancers
  The ghost of elum the Convoker, a journeyman TeSu of Sif Muna (Lair:6)
  An anaconda (shapeshifter) (Vaults:2)
  9 anacondas
  9 centaur warriors
  An alligator (Zig:6)
  5 death knights
  2 satyrs
  7 death yaks
  18 ogre magi
  11 deep troll shamans
  35 two-headed ogres
  3 alligator snapping turtles (Shoals:4)
  4 death scarabs
  34 dancing weapons
  2 merfolk avatars
  A death yak (shapeshifter) (Vaults:5)
  8 tengu warriors
  4 orc high priests
  13 deep troll earth magi
  4 spriggan berserkers
  2 vampire magi
  3 titan zombies
  11 hell hogs
  25 hell knights
  3 thrashing horrors (Abyss:3)
  2 soul eaters
  9 shock serpents
  3 spriggans (Depths:2)
  19 naga sharpshooters
  2 iron golems
  2 fire crabs (shapeshifter)
  35 deep elf knights
  3 storm dragon skeletons
  34 skeletal warriors
  8 sun demons
  5 wretched stars
  6 iron trolls
  A sixfirhy (Abyss:3)
  9 large abominations
  10 small abominations
  A salamander mystic (Snake:3)
  The ghost of guttsta the Unseen, a novice SpEn of Ashenzari (D:11)
  A shadow wraith (Vaults:3)
  29 deep trolls
  A golden dragon zombie (Geh:7)
  3 spatial maelstroms (Abyss:3)
  2 ghost moth zombies
  4 unseen horrors
  13 flayed ghosts
  2 infernal demonspawn (Depths:2)
  A swamp dragon (Zig:6)
  13 sea snakes
  3 glowing orange brains
  2 obsidian statues
  11 ironbrand convokers
  3 orange crystal statues
  2 shadow dragon zombies (Crypt:3)
  A kraken simulacrum (Hell)
  29 phantasmal warriors
  20 deep elf archers
  A lindwurm (shapeshifter) (Vaults:1)
  23 harpies
  A gelid demonspawn (Depths:2)
  4 lindwurms (Lair:5)
  7 naga ritualists
  12 orc knights
  9 orc sorcerers
  2 wolf spider zombies
  5 iron dragon zombies
  3 stone giant zombies
  10 wizards
  11 necromancers
  A sphinx zombie (Depths:3)
  45 ugly things
  95 deep elf magi
  A shining eye (Abyss:5)
  4 frost giant zombies
  5 shadow dragon skeletons
  An anaconda skeleton (Hell)
  11 manticores
  5 fauns (Shoals:3)
  6 mana vipers
  6 wolf spiders
  4 oklob plants (Lair:1)
  4 orb spiders
  A shining eye (shapeshifter) (Vaults:4)
  A salamander (shapeshifter) (Vaults:4)
  2 fire giant zombies
  13 merfolk sirens
  3 salamanders
  38 black mambas
  A stone giant skeleton (Geh:4)
  2 manticores (shapeshifter)
  A black mamba (shapeshifter) (Abyss:4)
  2 fire giant skeletons
  28 moths of wrath
  2 elf zombies
  4 spriggan zombies
  16 cyclopes
  An elephant (shapeshifter) (Depths:5)
  12 elephants
  A moth of wrath (shapeshifter) (Depths:4)
  2 dire elephant zombies
  2 shock serpent zombies
  10 guardian serpents
  14 vault sentinels
  10 smoke demons
  4 frost giant skeletons
  An apocalypse crab (Abyss:5)
  2 eyes of devastation (Zig:7)
  11 spiny frogs
  3 water nymphs
  31 naga magi
  2 orange demons
  3 gargoyles
  8 ice statues
  4 rust devils
  Psyche (D:12)
  10 molten gargoyles
  2 torpor snails
  A kobold demonologist (Abyss:5)
  4 hellions
  4 tengu conjurers
  6 tormentors
  6 komodo dragons
  2 demonic crawlers (Zig:10)
  20 freezing wraiths
  A redback zombie (D:13)
  A yaktaur (shapeshifter) (Elf:2)
  54 yaktaurs
  8 ancient zymes
  8 rime drakes
  2 efreet
  19 red devils
  21 starcursed masses
  A golden dragon simulacrum (Zig:15)
  34 guardian mummies
  14 ice devils
  An iron troll zombie (Crypt:2)
  2 komodo dragons (shapeshifter) (Depths:3)
  3 hydra zombies
  5 jumping spiders
  A queen bee (Depths:4)
  A hellwing (Abyss:3)
  4 polar bears
  A harpy zombie (Geh:5)
  A tyrant leech (Zig:6)
  4 wind drakes
  22 merfolk
  10 trolls
  A tyrant leech (shapeshifter) (Abyss:4)
  A wind drake (shapeshifter) (Vaults:5)
  A hornet (shapeshifter) (Vaults:4)
  A wolf spider simulacrum (D:11)
  8 hornets
  3 ettin zombies (Geh:7)
  Prince Ribbit (D:6)
  An ice dragon zombie (Crypt:2)
  2 frost giant simulacra
  65 saltlings (Desolation)
  2 hydra skeletons (Hell)
  A slime creature (shapeshifter) (Depths:4)
  6 snapping turtles
  19 blink frogs
  16 raiju
  15 dream sheep
  2 bog bodies
  31 slime creatures
  A fire dragon zombie (Geh:5)
  12 hippogriffs
  An alligator zombie (Hell)
  A deep troll zombie (Depths:1)
  28 flying skulls
  3 air elementals
  A guardian serpent skeleton (Crypt:2)
  13 redbacks
  2 ettin skeletons
  A redback (shapeshifter) (Vaults:5)
  2 ynoxinuls (Abyss:5)
  9 shadows
  2 alligator skeletons
  3 vampires
  An ice dragon skeleton (Geh:7)
  18 wraiths
  3 tarantellas (Zig:10)
  3 wyverns
  3 fire dragon skeletons
  12 ushabtiu
  A yak (shapeshifter) (Vaults:3)
  27 water elementals
  A black mamba skeleton (Geh:4)
  21 fire elementals
  A hog (shapeshifter) (Depths:3)
  A basilisk (Lair:5)
  33 yaks
  5 hogs
  A spriggan simulacrum (Depths:1)
  Grum (D:8)
  A tyrant leech zombie (Crypt:2)
  2 golden eyes (Zig:7)
  5 hungry ghosts
  2 steam dragons
  An elf skeleton (Zig:15)
  5 vampire mosquitoes
  4 spatial vortices (Abyss:3)
  63 nagas
  5 wargs
  3 acid dragons
  A swamp worm (shapeshifter) (Depths:5)
  A gelid demonspawn zombie (Crypt:2)
  10 hell hounds
  A soldier ant (shapeshifter) (Depths:4)
  A torturous demonspawn zombie (Crypt:3)
  3 spiny frog zombies
  12 porcupines
  8 water moccasins
  A floating eye (shapeshifter) (Vaults:5)
  2 eyes of draining
  5 sky beasts
  A swamp dragon zombie (Crypt:2)
  7 ice beasts
  38 orc warriors
  A black bear (shapeshifter) (Depths:2)
  An elf simulacrum (Depths:4)
  4 phantoms
  A snapping turtle zombie (Crypt:3)
  A hornet zombie (D:13)
  2 black bears
  21 necrophages
  2 boggarts (Depths:4)
  30 ogres
  20 wolves
  14 centaurs
  A hog zombie (Crypt:1)
  17 crocodiles
  A snapping turtle skeleton (Geh:7)
  A bullfrog (shapeshifter) (Depths:4)
  22 bullfrogs
  An octopode zombie (Crypt:1)
  A big kobold (D:11)
  2 wyvern zombies
  9 earth elementals
  2 gnoll sergeants
  2 glowing shapeshifter simulacra
  4 scorpions
  A troll zombie (Geh:4)
  5 wyvern skeletons (Crypt:3)
  A hornet simulacrum (D:11)
  25 killer bees
  18 wights
  2 electric eels
  9 howler monkeys
  A troll skeleton (Geh:4)
  13 crimson imps
  3 draconian simulacra (IceCv)
  4 quasits
  6 jellies
  10 hounds
  2 human zombies (Crypt:1)
  21 orc priests
  A centaur zombie (D:5)
  2 gnoll shamans (D:5)
  A human skeleton (Crypt:1)
  2 bullfrog skeletons
  4 centaur skeletons
  2 iron imps
  23 orc wizards
  5 iguanas
  Natasha (D:3)
  11 worker ants
  7 hell rats (Hell)
  A killer bee zombie (D:6)
  2 tengu zombies
  A centaur simulacrum (IceCv)
  A hound skeleton (D:11)
  36 mummies
  17 gnolls
  A worker ant zombie (D:5)
  4 naga simulacra (IceCv)
  2 ogre simulacra (IceCv)
  16 adders
  5 shadow imps
  4 white imps
  3 ufetubi (Depths:2)
  2 oozes
  3 adder skeletons
  2 iguana skeletons (Crypt:1)
  A lava snake skeleton (Crypt:2)
  6 worms
  A dart slug (D:1)
  8 leopard geckos
  83 orcs
  13 bats
  12 giant cockroaches
  A goblin (D:2)
  12 hobgoblins
  17 jackals
  16 kobolds
  8 quokkas
  A ball python (D:6)
  7 frilled lizards
  A gnoll skeleton (Crypt:2)
  A goblin skeleton (Crypt:1)
  A hobgoblin skeleton (Crypt:1)
  A leopard gecko skeleton (D:8)
  A leopard gecko zombie (D:5)
  2 quokka skeletons
  5 rats
  6 crawling corpses
  A fungus (Lair:2)
  26 plants
  3 starspawn tentacles (Abyss:3)
  A tentacle (Shoals:2)
  4 withered plants (Crypt:3)
3284 creatures vanquished.

Vanquished Creatures (collateral kills)
  2 golden dragons
  A tentacled monstrosity (Depths:4)
  Agnes (Snake:2)
  A tengu reaver (Depths:1)
  A frost giant (Depths:4)
  A vault warden (Vaults:5)
  A deep elf annihilator (Elf:3)
  A halazid warlock (Desolation)
  An ettin (Vaults:5)
  2 merfolk javelineers (Shoals:4)
  A merfolk impaler (Shoals:4)
  A vault guard (Vaults:5)
  2 two-headed ogres (Depths:1)
  An ogre mage (Depths:1)
  2 merfolk aquamancers
  A tengu warrior (Depths:1)
  A hell knight (Depths:2)
  An iron troll (Depths:4)
  8 sea snakes
  A wizard (Depths:2)
  2 necromancers (Depths:2)
  An orc knight (Orc:2)
  3 harpies
  A mana viper (Snake:2)
  3 manticores
  A black mamba (Snake:2)
  A water nymph (Shoals:3)
  A merfolk siren (Shoals:3)
  2 yaktaurs (Vaults:5)
  A tengu conjurer (Depths:1)
  5 merfolk
  A saltling (Desolation)
  A snapping turtle (Shoals:1)
  4 water elementals
  A naga (Snake:1)
  2 orc warriors (Orc:2)
  2 quasits (Depths:2)
  2 plants (Shoals:4)
65 creatures vanquished.

Vanquished Creatures (others)
  A deep elf master archer (Zig:12)
  2 draconian knights
  3 stone giants
  A yaktaur captain (Vaults:5)
  A merfolk aquamancer (Shoals:4)
  2 deep elf knights
  A hell knight (Depths:3)
  2 deep elf archers
  3 deep elf magi
  2 cyclopes (Vaults:1)
  A guardian serpent (Desolation)
  A freezing wraith (Vaults:2)
  14 yaktaurs
  A tormentor (Geh:7)
  A snapping turtle (Shoals:1)
  A chaos spawn (Depths:3)
  A warg (Orc:2)
  An orc (Orc:1)
  A kobold (D:3)
  A bush (D:9)
  20 fungi
  50 plants
  4 starspawn tentacles
  35 tentacles
150 creatures vanquished.

Grand Total: 3499 creatures vanquished

Notes
Turn   | Place    | Note
-------+----------+-------------------------------------------
     0 | D:1      | prestonbroadus the Deep Dwarf Earth Elementalist began the
                  | quest for the Orb.
     0 | D:1      | Reached XP level 1. HP: 15/15 MP: 3/3
   110 | D:1      | Reached XP level 2. HP: 22/24 MP: 3/5
   409 | D:1      | Reached XP level 3. HP: 11/30 MP: 4/6
   462 | D:1      | Learned a level 3 spell: Stone Arrow
   752 | D:2      | Reached skill level 1 in Fighting
   869 | D:2      | Reached skill level 5 in Earth Magic
   966 | D:2      | Reached XP level 4. HP: 11/38 MP: 5/7
  1114 | D:2      | Reached skill level 1 in Conjurations
  1878 | D:3      | Found a radiant altar of Vehumet.
  2021 | D:3      | Reached XP level 5. HP: 24/44 MP: 3/9
  2142 | D:3      | Noticed Sigmund
  2369 | D:3      | Noticed Natasha
  2419 | D:3      | Killed Natasha
  2593 | D:4      | Found a glowing drain.
  2668 | Sewer    | Entered a sewer
  2755 | Sewer    | Noticed a crocodile
  2821 | Sewer    | Killed a crocodile
  2821 | Sewer    | Reached XP level 6. HP: 55/55 MP: 1/10
  3840 | D:4      | Reached XP level 7. HP: 20/62 MP: 2/11
  4413 | D:5      | Entered Level 5 of the Dungeon
  4485 | D:5      | Found a staircase to the Ecumenical Temple.
  4892 | D:6      | Reached XP level 8. HP: 43/73 MP: 2/12
  5235 | Temple   | Entered the Ecumenical Temple
  5282 | Temple   | Became a worshipper of Makhleb the Destroyer
  5357 | D:6      | Learned a level 5 spell: Lee's Rapid Deconstruction
  5562 | D:5      | Reached skill level 5 in Fighting
  5638 | D:5      | Reached skill level 1 in Long Blades
  6179 | D:5      | Reached skill level 5 in Conjurations
  6204 | D:5      | Got a warped scimitar
  6205 | D:5      | Identified the +1 scimitar of Upheaval {freeze, MP+9} (You
                  | found it on level 5 of the Dungeon)
  6617 | D:5      | Reached * piety under Makhleb
  6824 | D:5      | Gained mutation: You passively map the area around you.
                  | [Deep Dwarf growth]
  6824 | D:5      | Reached XP level 9. HP: 42/82 MP: 12/13
  7043 | D:6      | Reached skill level 1 in Invocations
  7538 | D:6      | Noticed Prince Ribbit
  7545 | D:6      | Killed Prince Ribbit
  8110 | D:8      | Noticed a two-headed ogre
  8294 | D:8      | Noticed Grum
  8413 | D:8      | Killed Grum
  8526 | D:8      | Reached ** piety under Makhleb
  8717 | D:8      | Found an opulent altar of Gozag.
  8766 | D:8      | Reached skill level 5 in Invocations
  9382 | D:8      | Reached XP level 10. HP: 66/94 MP: 16/16
  9428 | D:9      | Noticed a two-headed ogre
  9507 | D:8      | Killed a two-headed ogre
  9719 | D:9      | Noticed a two-headed ogre
  9726 | D:9      | Noticed a cyclops
  9726 | D:9      | Noticed a two-headed ogre
  9761 | D:9      | Killed a two-headed ogre
  9761 | D:9      | Reached skill level 5 in Spellcasting
  9893 | D:9      | Noticed a wizard
  9928 | D:9      | Killed a two-headed ogre
  9928 | D:9      | Reached skill level 10 in Earth Magic
 10061 | D:9      | Killed a cyclops
 10244 | D:9      | Killed a wizard
 10362 | D:9      | Got a smoking glaive
 10363 | D:9      | Identified the +9 glaive "Bowuusih" {flame, Fragile rF+
                  | rN+} (You found it on level 9 of the Dungeon)
 10410 | D:9      | Found a staircase to the Orcish Mines.
 10816 | D:9      | Reached XP level 11. HP: 74/103 MP: 10/20
 10949 | D:9      | Noticed a two-headed ogre
 10959 | D:9      | Killed a two-headed ogre
 11040 | D:9      | Reached *** piety under Makhleb
 11449 | D:9      | Killed a two-headed ogre
 11576 | D:9      | Found a staircase to the Lair.
 12041 | D:9      | Found a roughly hewn altar of Beogh.
 12301 | D:10     | Entered Level 10 of the Dungeon
 13003 | D:11     | Reached skill level 1 in Evocations
 13061 | D:11     | Noticed Snorg
 13068 | D:11     | Reached **** piety under Makhleb
 13300 | D:11     | Found a frozen archway.
 13304 | D:11     | Reached skill level 3 in Dodging
 13397 | IceCv    | Entered an ice cave
 13731 | IceCv    | Reached skill level 4 in Dodging
 13951 | IceCv    | Reached XP level 12. HP: 73/114 MP: 6/22
 14451 | IceCv    | Identified the +7 glaive "Alegom" {elec, rF+ Dex+2}
 14451 | IceCv    | Identified the +1 robe of the Earth {rF+ rC- rN++ Int+4}
 14879 | IceCv    | Reached skill level 5 in Evocations
 14941 | IceCv    | Reached skill level 5 in Dodging
 14948 | IceCv    | Got a slimy chain mail
 15086 | D:11     | Found a runed translucent door.
 15091 | D:11     | Noticed a tengu reaver
 15092 | D:11     | Noticed a lich
 15094 | D:11     | Noticed guttsta's ghost (novice SpEn)
 15099 | D:11     | Found a runed translucent door.
 15161 | D:11     | Killed Snorg
 15355 | D:11     | You fall through a shaft for 2 floors!
 15401 | D:13     | Noticed a centaur warrior
 15411 | D:13     | Killed a centaur warrior
 15590 | D:11     | Reached skill level 6 in Dodging
 15940 | D:12     | Reached ***** piety under Makhleb
 15970 | D:12     | Noticed Jorgrun
 16029 | D:12     | Reached skill level 10 in Conjurations
 16217 | D:11     | Killed Jorgrun
 16217 | D:11     | Reached skill level 7 in Dodging
 16591 | D:12     | Noticed Psyche
 16598 | D:12     | Killed Psyche
 17219 | Lair:1   | Entered Level 1 of the Lair of Beasts
 17290 | Lair:1   | Reached XP level 13. HP: 121/121 MP: 2/25
 17529 | Lair:1   | Reached skill level 8 in Dodging
 18381 | Lair:1   | Learned a level 4 spell: Petrify
 18976 | Lair:1   | Identified the +7 chain mail of the Vaults {Int+4 Dex+6}
                  | (You found it in an ice cave)
 19039 | Lair:2   | Reached skill level 1 in Transmutations
 19085 | Lair:2   | Reached skill level 1 in Armour
 19177 | Lair:2   | Found a staircase to the Shoals.
 20211 | Lair:3   | Got a brightly glowing marble ring
 20213 | Lair:3   | Identified the ring "Zannegis" {rPois MP+9} (You found it
                  | on level 3 of the Lair of Beasts)
 20605 | Lair:3   | Found a staircase to the Snake Pit.
 21060 | Lair:4   | Reached skill level 5 in Armour
 21177 | Lair:4   | Found a runed translucent door.
 21190 | Lair:4   | Found a shimmering altar of Xom.
 21190 | Lair:4   | Noticed hemabe's ghost (journeyman HuAr)
 21987 | Lair:5   | Found a runed translucent door.
 21995 | Lair:5   | Found a viscous altar of Jiyva.
 21997 | Lair:5   | Found a staircase to the Slime Pits.
 22517 | Lair:5   | Reached ****** piety under Makhleb
 22691 | Lair:5   | Gained mutation: You resist negative energy. (rN+) [Deep
                  | Dwarf growth]
 22691 | Lair:5   | Reached XP level 14. HP: 129/129 MP: 26/26
 23471 | Lair:6   | Entered Level 6 of the Lair of Beasts
 23515 | Lair:6   | Noticed Kirke
 24259 | Lair:6   | Killed Kirke
 24555 | Lair:5   | Upgraded the game from 0.24-a0-125-gdf024910ca to
                  | 0.24-a0-129-gdb70d5e40e
 24598 | Lair:5   | Reached skill level 15 in Earth Magic
 24761 | Lair:6   | Found a runed translucent gate.
 24761 | Lair:6   | Found a runed translucent gate.
 24761 | Lair:6   | Found a runed translucent gate.
 24763 | Lair:6   | Noticed elum's ghost (journeyman TeSu)
 24763 | Lair:6   | Noticed Rupert
 24775 | Lair:6   | Paralysed by Rupert for 5 turns
 24781 | Lair:6   | Killed Rupert
 24781 | Lair:6   | Reached skill level 5 in Transmutations
 24822 | Lair:6   | Killed elum's ghost
 25917 | Lair:6   | Learned a level 1 spell: Apportation
 25920 | Lair:6   | Learned a level 2 spell: Passwall
 25926 | Lair:6   | Reached skill level 9 in Dodging
 26020 | Lair:6   | Learned a level 2 spell: Blink
 26021 | Lair:6   | Got an ebony short sword
 26023 | Lair:6   | Identified the +9 short sword of Interdependent Arising
                  | {freeze, +Fly} (You found it on level 6 of the Lair of
                  | Beasts)
 26122 | Lair:6   | Reached skill level 1 in Translocations
 26597 | D:13     | Found the +2 shield of Resistance {rF+ rC+ MR+}
 26617 | D:13     | Found Beneze's Jewellery Shoppe.
 26621 | D:13     | Bought the ring of the Mage {Wiz MR++ Int+3} for 930 gold
                  | pieces
 26621 | D:13     | Found the ring of the Mage {Wiz MR++ Int+3}
 26640 | D:13     | Reached skill level 1 in Shields
 26779 | D:13     | Reached XP level 15. HP: 135/135 MP: 25/27
 27071 | D:13     | Reached skill level 5 in Shields
 27686 | D:14     | Found a gate to the Vaults.
 28327 | D:15     | Entered Level 15 of the Dungeon
 28350 | D:15     | Found a shadowy altar of Dithmenos.
 28381 | D:15     | Reached skill level 1 in Axes
 28407 | D:15     | Found a staircase to the Depths.
 29615 | D:11     | Reached skill level 10 in Shields
 29730 | D:11     | Killed a tengu reaver
 29730 | D:11     | Reached skill level 5 in Axes
 29752 | D:11     | Killed guttsta's ghost
 29759 | D:11     | Killed a lich
 29975 | Orc:1    | Entered Level 1 of the Orcish Mines
 29978 | Orc:1    | Found Qexkavyz's Antique Armour Shoppe.
 30330 | Orc:2    | Entered Level 2 of the Orcish Mines
 30345 | Orc:2    | Found a staircase to the Elven Halls.
 30550 | Orc:2    | Noticed an orc warlord
 30575 | Orc:2    | Killed an orc warlord
 31064 | Orc:2    | Reached XP level 16. HP: 144/144 MP: 27/28
 31096 | Orc:2    | Found Towaciz's Gadget Boutique.
 31096 | Orc:2    | Found Dekkex's General Store.
 31098 | Orc:2    | Found Vader's Jewellery Shoppe.
 31098 | Orc:2    | Found Maneosor's Armour Shoppe.
 31118 | Orc:2    | Bought a +1 helmet of see invisible for 231 gold pieces
 31132 | Orc:2    | Bought a cursed +0 pair of gloves for 52 gold pieces
 31147 | Orc:2    | Bought a wand of iceblast (9) for 195 gold pieces
 31219 | Orc:1    | Gained mutation: You are occasionally teleported next to
                  | monsters. [a neqoxec]
 31281 | Orc:1    | Lost mutation: You are occasionally teleported next to
                  | monsters. [potion of mutation]
 31281 | Orc:1    | Gained mutation: Your spells are a little easier to cast,
                  | but a little less powerful. [potion of mutation]
 31281 | Orc:1    | Gained mutation: Your mind is acute. (Int +2) [potion of
                  | mutation]
 31282 | Orc:1    | Lost mutation: Your mind is acute. (Int +2) [potion of
                  | mutation]
 31282 | Orc:1    | Lost mutation: Your spells are a little easier to cast, but
                  | a little less powerful. [potion of mutation]
 31282 | Orc:1    | Gained mutation: Your magical capacity is low. (-10% MP)
                  | [potion of mutation]
 31282 | Orc:1    | Gained mutation: Scrolls take you a little longer to read.
                  | [potion of mutation]
 31282 | Orc:1    | Gained mutation: You are agile. (Dex +2) [potion of
                  | mutation]
 31282 | Orc:1    | Gained mutation: You are resistant to hostile enchantments.
                  | (MR+) [potion of mutation]
 31283 | Orc:1    | Lost mutation: Scrolls take you a little longer to read.
                  | [potion of mutation]
 31283 | Orc:1    | Lost mutation: You are agile. (Dex +2) [potion of mutation]
 31283 | Orc:1    | Lost mutation: You are resistant to hostile enchantments.
                  | (MR+) [potion of mutation]
 31283 | Orc:1    | Gained mutation: You have a somewhat thin skeletal
                  | structure. (Dex +2, Stealth) [potion of mutation]
 31283 | Orc:1    | Gained mutation: You are frail. (-10% HP) [potion of
                  | mutation]
 31283 | Orc:1    | Gained mutation: You are somewhat resistant to further
                  | mutation. [potion of mutation]
 31284 | Orc:1    | Lost mutation: You are frail. (-10% HP) [potion of
                  | mutation]
 31284 | Orc:1    | Gained mutation: You are robust. (+10% HP) [potion of
                  | mutation]
 31496 | Orc:1    | Bought a smoking leather armour for 217 gold pieces
 31525 | Orc:1    | Identified the +1 leather armour of the Salmon {MP+9} (You
                  | bought it in a shop on level 1 of the Orcish Mines)
 31794 | Snake:1  | Entered Level 1 of the Snake Pit
 32845 | Snake:2  | Noticed Agnes
 32853 | Snake:2  | Killed Agnes
 32941 | Snake:2  | Noticed Vashnia
 32956 | Snake:2  | Reached skill level 10 in Fighting
 32981 | Snake:2  | Killed Vashnia
 33002 | Snake:2  | Found Rykhy's General Store.
 33005 | Snake:2  | Bought a potion of curing for 48 gold pieces
 33005 | Snake:2  | Bought a potion of invisibility for 128 gold pieces
 33005 | Snake:2  | Bought a scroll of identify for 32 gold pieces
 33358 | Snake:3  | Reached XP level 17. HP: 169/169 MP: 4/26
 33623 | Snake:4  | Entered Level 4 of the Snake Pit
 34098 | Snake:4  | Reached skill level 10 in Axes
 34193 | Snake:4  | Reached skill level 15 in Shields
 34799 | Snake:4  | Got a serpentine rune of Zot
 35111 | Snake:4  | Noticed Aizul
 35125 | Snake:4  | Killed Aizul
 35146 | Snake:4  | Reached skill level 10 in Spellcasting
 35501 | Lair:3   | Learned a level 3 spell: Lesser Beckoning
 35534 | Shoals:1 | Entered Level 1 of the Shoals
 35713 | Shoals:1 | Noticed a kraken
 35857 | Shoals:1 | Learned a level 1 spell: Animate Skeleton
 36011 | Shoals:1 | Noticed a kraken
 36035 | Shoals:1 | Gained mutation: You passively map a large area around you.
                  | [Deep Dwarf growth]
 36035 | Shoals:1 | Reached XP level 18. HP: 145/184 MP: 25/28
 36296 | Shoals:2 | Noticed Nikola
 36337 | Shoals:2 | Noticed Ilsuiw
 36399 | Shoals:2 | Identified the +7 shield of Inuosuv {rC- MR+ Str+3}
 36399 | Shoals:2 | Noticed Donald
 36417 | Shoals:1 | Killed Donald
 36727 | Shoals:2 | Found Fimn's Food Boutique.
 37076 | Shoals:2 | Killed Nikola
 37076 | Shoals:2 | Reached skill level 10 in Armour
 37160 | Shoals:2 | Reached skill level 5 in Translocations
 37179 | Shoals:2 | Killed Ilsuiw
 37376 | Shoals:3 | Found a runed translucent door.
 37426 | Shoals:3 | Noticed Joeleu's ghost (journeyman DDFi)
 37441 | Shoals:3 | Found Moacsamo's Book Emporium.
 37816 | Shoals:4 | Entered Level 4 of the Shoals
 38070 | Shoals:4 | Identified the +0 pair of boots of Circular Logic {rCorr
                  | Str+2 Dex+2} (You found it on level 4 of the Shoals)
 38379 | Shoals:4 | Got a barnacled rune of Zot
 38487 | Shoals:4 | Learned a level 3 spell: Conjure Flame
 38878 | Shoals:4 | Reached XP level 19. HP: 179/192 MP: 24/29
 39206 | Elf:1    | Entered Level 1 of the Elven Halls
 39298 | Elf:1    | Found Kuch's Food Shoppe.
 39484 | Elf:1    | Reached skill level 10 in Evocations
 39723 | Elf:1    | Identified Lozusue's Reference Book on Confrontation
 39875 | Elf:1    | Reached skill level 10 in Invocations
 40352 | Elf:2    | Identified a scroll of acquirement
 40438 | Elf:2    | Found Zuff's Assorted Antiques.
 40438 | Elf:2    | Found Yphothag's Antique Weapon Shoppe.
 40441 | Elf:2    | Found Eho Osiffe's Antique Weapon Emporium.
 40472 | Elf:2    | Bought a leatherbound book for 540 gold pieces
 40472 | Elf:2    | Bought a curved copper wand for 144 gold pieces
 40472 | Elf:2    | Bought an ancient tin ring for 180 gold pieces
 40480 | Elf:2    | Learned a level 5 spell: Bolt of Draining
 40488 | Elf:2    | Identified the ring of Divine Compulsion {rPois rF+ MR+
                  | Str+5 Int-5} (You bought it in a shop on level 2 of the
                  | Elven Halls)
 40551 | Elf:2    | Found a runed translucent gate.
 40551 | Elf:2    | Found a runed translucent gate.
 40551 | Elf:2    | Found a runed translucent gate.
 40688 | Elf:2    | Reached skill level 1 in Necromancy
 41235 | Elf:3    | Entered Level 3 of the Elven Halls
 41751 | Elf:3    | Reached skill level 15 in Axes
 41793 | Elf:3    | Reached skill level 5 in Necromancy
 41947 | Elf:3    | Noticed Asterion
 41955 | Elf:3    | Killed Asterion
 41955 | Elf:3    | Reached XP level 20. HP: 201/201 MP: 7/30
 42422 | Elf:3    | Identified the +7 rapier of Isy Xim {flame, rF- Dex+4
                  | Stlth+}
 42422 | Elf:3    | Identified the amulet of Joy {Reflect MR- Str+6 Dex+4 SH+4}
 42461 | Elf:3    | Identified the ring "Syutas" {rC++ Int+5 Dex+2}
 42617 | Elf:3    | Identified Sif Muna's Almanac of the Poisonous Birds
 42643 | Elf:3    | Identified the +4 hand axe "Etippel" {freeze, +Fly rC++
                  | Str-5}
 42722 | Elf:3    | Learned a level 4 spell: Passage of Golubria
 42728 | Elf:3    | Learned a level 5 spell: Borgnjor's Vile Clutch
 43205 | Vaults:1 | Entered Level 1 of the Vaults
 43425 | Vaults:1 | Reached skill level 10 in Necromancy
 43488 | Vaults:1 | Found a ruined gateway.
 43510 | Desolati | Entered the Desolation of Salt
 43670 | Desolati | Reached XP level 21. HP: 201/209 MP: 31/31
 43692 | Desolati | Identified the ring of Incredulity {rF++ Dex+3 Stlth+}
 43787 | Desolati | Identified Sif Muna's Grimoire of Poisoning
 44076 | Desolati | Identified the Volume of Flames and Boosts
 44098 | Desolati | Identified the Volume of Execration and the Traveller
 44293 | Desolati | Found the +7 Spriggan's Knife {stab, EV+4 Stlth+}
 44367 | Desolati | Reached skill level 10 in Dodging
 45606 | Vaults:2 | Reached skill level 11 in Dodging
 46355 | Vaults:2 | Reached skill level 12 in Dodging
 46805 | Vaults:2 | Reached XP level 22. HP: 220/220 MP: 31/31
 46875 | Vaults:3 | Noticed Jory
 46884 | Vaults:3 | Killed Jory
 47054 | Vaults:3 | Reached skill level 13 in Dodging
 47277 | Vaults:3 | Noticed Margery
 47295 | Vaults:3 | Killed Margery
 47386 | Vaults:3 | You fall through a shaft!
 47639 | Vaults:4 | Reached skill level 14 in Dodging
 48319 | Vaults:3 | Identified the +4 flail of the Boiling Point {flame, +Rage
                  | rElec Str+8 Dex+3}
 48448 | Vaults:3 | Found Adwuyp's Food Shop.
 48500 | Vaults:3 | Found a staircase to the Crypt.
 48500 | Vaults:3 | Found a basalt altar of Yredelemnul.
 48501 | Vaults:3 | Found an ancient bone altar of Kikubaaqudgha.
 48541 | Vaults:3 | Noticed Frederick
 48562 | Vaults:3 | Killed Frederick
 48577 | Vaults:3 | Reached skill level 15 in Dodging
 49523 | Vaults:5 | Entered Level 5 of the Vaults
 49692 | Vaults:5 | Noticed a golden dragon
 49696 | Vaults:5 | Killed a golden dragon
 49741 | Vaults:5 | Reached XP level 23. HP: 190/227 MP: 10/32
 49938 | Vaults:5 | Reached skill level 16 in Dodging
 50152 | Vaults:5 | Identified the cursed +0 cloak "Lugoip" {-Cast rF- rCorr
                  | Str+9} (You found it on level 5 of the Vaults)
 50685 | Vaults:5 | Identified the +4 hand axe of Fury {antimagic, +Inv rN++
                  | Str+4}
 50924 | Vaults:5 | Reached skill level 15 in Armour
 51141 | Vaults:5 | Identified the quicksilver dragon scales of Impatience {MR+
                  | Str+4}
 51203 | Vaults:5 | Reached skill level 17 in Dodging
 51415 | Vaults:5 | Identified the +2 robe of Benevolence {Str+6}
 51641 | Vaults:5 | Got a silver rune of Zot
 51881 | Vaults:5 | Reached XP level 24. HP: 237/237 MP: 28/32
 52411 | Crypt:1  | Entered Level 1 of the Crypt
 52500 | Crypt:1  | Reached skill level 18 in Dodging
 52685 | Crypt:1  | Noticed Boris
 52696 | Crypt:1  | Killed Boris
 52947 | Crypt:1  | Found a shimmering altar of Xom.
 53205 | Crypt:2  | Noticed Bai Suzhen
 53230 | Crypt:2  | Killed Bai Suzhen
 53315 | Crypt:2  | Reached skill level 19 in Dodging
 53389 | Crypt:2  | Found a runed translucent gate.
 53389 | Crypt:2  | Found a runed translucent gate.
 53389 | Crypt:2  | Found a runed translucent gate.
 53389 | Crypt:2  | Noticed elum's ghost (veteran DsSu)
 53957 | Crypt:3  | Entered Level 3 of the Crypt
 54395 | Crypt:3  | Found the ring of Phasing {EV+8}
 54428 | Crypt:3  | Identified the Compendium of Dark Rituals
 54690 | Crypt:3  | Reached skill level 20 in Dodging
 54704 | Crypt:3  | Found a basalt altar of Yredelemnul.
 54966 | Crypt:3  | Identified the cursed +0 scale mail "Syuwyuc" {Str+3} (You
                  | found it on level 3 of the Crypt)
 55181 | Crypt:3  | Found a staircase to the Tomb.
 55181 | Crypt:3  | Noticed a greater mummy
 55201 | Crypt:3  | Killed a greater mummy
 55201 | Crypt:3  | Reached XP level 25. HP: 98/244 MP: 19/32
 55978 | Depths:1 | Entered Level 1 of the Depths
 56105 | Depths:1 | Noticed a juggernaut
 56127 | Depths:1 | Killed a juggernaut
 56308 | Depths:1 | Found an iron altar of Okawaru.
 56473 | Depths:1 | Found a gateway to Hell.
 56952 | Depths:2 | Found a one-way gate to the infinite horrors of the Abyss.
 57044 | Depths:2 | Found Gozag's Antique Armour Emporium.
 57252 | Depths:2 | Found an opulent altar of Gozag.
 57253 | Depths:2 | Found Gozag's Assorted Antiques.
 57399 | Depths:2 | Found Gozag's Antique Armour Shoppe.
 57792 | Depths:2 | Found Hoicwoh's Jewellery Emporium.
 57793 | Depths:2 | Found Afys's Gadget Shop.
 57794 | Depths:2 | Found Zakhlokudwy's Jewellery Emporium.
 57831 | Depths:2 | Found Opyerghou's Magic Scroll Shop.
 57842 | Depths:2 | Bought a scroll of magic mapping for 59 gold pieces
 57842 | Depths:2 | Bought a scroll of teleportation for 51 gold pieces
 57842 | Depths:2 | Bought a scroll of brand weapon for 340 gold pieces
 57842 | Depths:2 | Bought 2 scrolls of blinking for 255 gold pieces
 58901 | Depths:2 | Found a one-way gate leading to the halls of Pandemonium.
 59171 | Depths:3 | Found Qegaasiv's Magic Scroll Shoppe.
 59175 | Depths:3 | Bought a scroll of holy word for 120 gold pieces
 59175 | Depths:3 | Bought a scroll of holy word for 120 gold pieces
 59175 | Depths:3 | Bought 3 scrolls of immolation for 168 gold pieces
 59175 | Depths:3 | Bought a scroll of teleportation for 48 gold pieces
 59175 | Depths:3 | Bought a scroll of teleportation for 48 gold pieces
 59521 | Depths:3 | Reached XP level 26. HP: 255/256 MP: 34/34
 60647 | Depths:4 | Found a runed translucent door.
 60734 | Depths:4 | Noticed a juggernaut
 61207 | Depths:4 | Identified the +7 quarterstaff of Doom {freeze, rF+}
 61232 | Depths:4 | Killed a juggernaut
 61287 | Depths:4 | Noticed an ancient lich
 61312 | Depths:4 | Found a gateway to a ziggurat.
 61356 | Depths:4 | Killed an ancient lich
 61359 | Depths:4 | Identified the +0 pair of gloves of Rejy {rC+ rN+ Int-3
                  | Stlth+} (You found it on level 4 of the Depths)
 61462 | Depths:4 | Reached skill level 15 in Fighting
 61688 | Depths:4 | Reached skill level 15 in Spellcasting
 61754 | Depths:5 | Entered Level 5 of the Depths
 61877 | Depths:5 | Found Viym's Distillery.
 61882 | Depths:5 | Bought a potion of brilliance for 68 gold pieces
 61882 | Depths:5 | Bought a potion of curing for 51 gold pieces
 61882 | Depths:5 | Bought a potion of invisibility for 136 gold pieces
 61882 | Depths:5 | Bought a potion of heal wounds for 85 gold pieces
 61882 | Depths:5 | Bought a potion of brilliance for 68 gold pieces
 61882 | Depths:5 | Bought a potion of heal wounds for 85 gold pieces
 61882 | Depths:5 | Bought 2 potions of magic for 272 gold pieces
 61882 | Depths:5 | Bought 2 potions of haste for 340 gold pieces
 61882 | Depths:5 | Bought a potion of curing for 51 gold pieces
 62021 | Depths:5 | Found a gate to the Realm of Zot.
 62029 | Depths:5 | Reached XP level 27. HP: 277/277 MP: 25/36
 62204 | Depths:5 | Identified the +3 ring mail of the Ego {rN+ Regen+} (You
                  | found it on level 5 of the Depths)
 62865 | Zig:1    | Entered Level 1 of a ziggurat
 62880 | Zig:2    | Entered Level 2 of a ziggurat
 62906 | Zig:3    | Entered Level 3 of a ziggurat
 62967 | Zig:4    | Entered Level 4 of a ziggurat
 63028 | Zig:5    | Entered Level 5 of a ziggurat
 63067 | Zig:5    | Identified the cursed +0 helmet of Tulips {rF- rC+ Dex+4}
                  | (You found it on level 5 of a ziggurat)
 63076 | Zig:6    | Entered Level 6 of a ziggurat
 63268 | Zig:7    | Entered Level 7 of a ziggurat
 63302 | Zig:7    | Identified Sif Muna's Tome of Heat and Displacement
 63317 | Zig:8    | Entered Level 8 of a ziggurat
 63377 | Zig:8    | Identified the amulet of Dabb {Gourm rPois Int+2} (You
                  | found it on level 8 of a ziggurat)
 63385 | Zig:9    | Entered Level 9 of a ziggurat
 63396 | Zig:9    | Reached skill level 15 in Invocations
 63471 | Zig:10   | Entered Level 10 of a ziggurat
 63537 | Zig:10   | Identified the +8 chain mail "Xaxtoxeff" {-Tele +Inv rPois
                  | Int+3} (You found it on level 10 of a ziggurat)
 63539 | Zig:10   | Identified the +0 pair of boots "Issah" {+Fly Dex+4} (You
                  | found it on level 10 of a ziggurat)
 63546 | Zig:10   | Identified the cursed ring "Lemyedd" {rElec EV-3 Slay+3}
                  | (You found it on level 10 of a ziggurat)
 63656 | Zig:11   | Entered Level 11 of a ziggurat
 63669 | Zig:11   | Noticed a greater mummy
 63683 | Zig:11   | Killed a greater mummy
 63717 | Zig:11   | Identified the amulet of the Thoughtful Wars {Inacc rElec
                  | Dex+4} (You found it on level 11 of a ziggurat)
 63724 | Zig:11   | Identified the +1 leather armour of Tomuureixi {rF+} (You
                  | found it on level 11 of a ziggurat)
 63728 | Zig:11   | Identified the ring of Jijib {rElec rC++ MR+ AC+5} (You
                  | found it on level 11 of a ziggurat)
 63738 | Zig:12   | Entered Level 12 of a ziggurat
 63887 | Zig:13   | Entered Level 13 of a ziggurat
 64061 | Zig:13   | Learned a level 6 spell: Statue Form
 64067 | Zig:14   | Entered Level 14 of a ziggurat
 64083 | Zig:14   | Noticed a greater mummy
 64091 | Zig:14   | Noticed a greater mummy
 64092 | Zig:14   | Noticed a greater mummy
 64093 | Zig:14   | Noticed a greater mummy
 64098 | Zig:14   | Killed a greater mummy
 64099 | Zig:14   | Noticed a greater mummy
 64101 | Zig:14   | Noticed a greater mummy
 64102 | Zig:14   | Killed a greater mummy
 64102 | Zig:14   | Killed a greater mummy
 64108 | Zig:14   | Killed a greater mummy
 64112 | Zig:14   | Killed a greater mummy
 64119 | Zig:14   | Killed a greater mummy
 64248 | Zig:15   | Entered Level 15 of a ziggurat
 64262 | Zig:15   | Noticed a greater mummy
 64265 | Zig:15   | Noticed a greater mummy
 64265 | Zig:15   | Noticed a greater mummy
 64265 | Zig:15   | Noticed a greater mummy
 64266 | Zig:15   | Noticed a greater mummy
 64269 | Zig:15   | Killed a greater mummy
 64271 | Zig:15   | Killed a greater mummy
 64275 | Zig:15   | Killed a greater mummy
 64275 | Zig:15   | Killed a greater mummy
 64276 | Zig:15   | Noticed a greater mummy
 64277 | Zig:15   | Killed a greater mummy
 64300 | Zig:15   | Killed a greater mummy
 64445 | Depths:4 | Voluntarily entered the Abyss.
 64552 | Abyss:2  | Found a viscous altar of Jiyva.
 64720 | Abyss:3  | Found a shattered altar of Ashenzari.
 64749 | Abyss:3  | Found a shattered altar of Ashenzari.
 65185 | Abyss:4  | Paralysed by accursed screaming for 1 turns
 65304 | Abyss:5  | Entered Level 5 of the Abyss
 65304 | Abyss:5  | Entered Level 5 of the Abyss
 65466 | Abyss:5  | Paralysed by you for 2 turns
 65492 | Depths:4 | Escaped the Abyss
 65606 | Zot:1    | Entered Level 1 of the Realm of Zot
 65990 | Zot:5    | Entered Level 5 of the Realm of Zot
 66041 | Zot:5    | Found a runed translucent gate.
 66041 | Zot:5    | Found a runed translucent gate.
 66042 | Zot:5    | Found a runed translucent gate.
 66044 | Zot:5    | Found an ancient bone altar of Kikubaaqudgha.
 66045 | Zot:5    | Noticed an ancient lich
 66045 | Zot:5    | Noticed an ancient lich
 66045 | Zot:5    | Noticed an ancient lich
 66045 | Zot:5    | Noticed an ancient lich
 66046 | Zot:5    | Noticed P0WERM0DE's ghost (adept DDFi)
 66057 | Zot:5    | Killed an ancient lich
 66058 | Zot:5    | Killed an ancient lich
 66059 | Zot:5    | Killed an ancient lich
 66059 | Zot:5    | Reached skill level 21 in Dodging
 66065 | Zot:5    | Killed an ancient lich
 66076 | Zot:5    | Killed P0WERM0DE's ghost
 66146 | Zot:5    | Identified the ring of Tenowk {rF+ Int+2 Stlth+} (You found
                  | it on level 5 of the Realm of Zot)
 66152 | Zot:5    | Identified the +1 pair of boots of Elyvilon's Hatred {rElec
                  | rF++ MR+ Stlth-} (You found it on level 5 of the Realm of
                  | Zot)
 66182 | Zot:5    | Upgraded the game from 0.24-a0-129-gdb70d5e40e to
                  | 0.24-a0-131-g11e5bb6019
 67821 | Zot:2    | Reached skill level 22 in Dodging
 69362 | Hell     | Entered the Vestibule of Hell
 69362 | Hell     | Noticed Geryon
 69397 | Hell     | Killed Geryon
 69515 | Hell     | Found a gateway to the Iron City of Dis.
 69627 | Hell     | Found a gateway to the freezing wastes of Cocytus.
 69706 | Hell     | Found a gateway to the ashen valley of Gehenna.
 69729 | Geh:1    | Entered Level 1 of Gehenna
 70376 | Geh:7    | Entered Level 7 of Gehenna
 70528 | Geh:7    | Reached skill level 10 in Translocations
 70818 | Geh:7    | Identified the cursed +0 shadow dragon scales of Ushaeguq
                  | {MR++ Stlth++++}
 70842 | Geh:7    | Identified Tufemyle's Disquisition on Lethal Flight
 70855 | Geh:7    | Learned a level 6 spell: Iron Shot
 70881 | Geh:7    | Killed from afar by a Brimstone Fiend

Levels and vault maps discovered:
D:1:      tarquinn_simple_flora_water_e, layout_rooms
D:2:      layout_loops_ring, serial_co_window_serial, co_window_paths_b,
          co_window_paths_a, co_window_corner_a, co_window_paths_a,
          co_window_paths_b, co_window_corner_cb, co_window_corner_b,
          co_window_paths_c, co_window_unsneaky_path_e, glass_columns_a,
          glass_columns_c, glass_columns_a, glass_columns_b, minmay_lizard_pond
D:3:      layout_rooms, fiery_altar_vehumet, first_ration, uniq_natasha,
          uniq_grinder, uniq_sigmund
D:4:      minmay_opposing_rooms, layout_basic, gup_sewer_entry_pipe
D:5:      cheibrodos_barr_body, layout_cave_pools,
          minmay_temple_entry_from_below_b, serial_gnoll_camp,
          gnoll_camp_medium_02, gnoll_camp_mini_hut, gnoll_camp_mini_hut,
          gnoll_camp_mini_hut, gnoll_camp_mini_loothouse
D:6:      layout_basic, uniq_prince_ribbit1
D:7:      layout_basic, chequers_big_river
D:8:      layout_basic, basic_altar, grunt_ogre_cave, minivault_26, uniq_grum
D:9:      layout_long_grid, minmay_lair_entry_grove,
          minmay_orc_entry_temple_small, minmay_diamond_spiral
D:10:     layout_loops_ring
D:11:     layout_roguey, portal_ice_cave_entry_animals_and_master,
          muffindrake_ghost_dual_entry, uniq_snorg
D:12:     layout_cave_pods, hex_medium, uniq_jorgrun, uniq_psyche
D:13:     layout_grid_maze, serial_shops, shop_fountains, serial_glass,
          glass_columns_b, glass_columns_a, glass_columns_a, glass_columns_a,
          glass_columns_b
D:14:     layout_basic, erik_vaults_2, serial_bayou_pond_c, columned_hall_lemuel
D:15:     grunt_enter_depths_snipers, layout_basic, grunt_dithmenos_smoke,
          patterned_corridor
Temple:   kilobyte_greek_temple
Lair:1:   layout_roguey, grunt_megastairs_3, lemuel_fruit_tree,
          minmay_lair_oklob_chamber, infiniplex_staircase_pool
Lair:2:   layout_loops_ring, elwin_shoals_entry_rocks,
          infiniplex_staircase_pool_2, lemuel_fruit_fields, serial_bayou_shore_a
Lair:3:   layout_long_grid, minmay_snake_entry_guardpost_small
Lair:4:   layout_loops_ring, ebering_ghost_xom
Lair:5:   layout_cave_shapes, slime_altar_2, minmay_lindwurm_lava,
          grunt_megastairs_5
Lair:6:   due_jungle_book, layout_concentric_octagons,
          ebering_ghost_rock_garden, cheibrodos_lair_lostbears, uniq_kirke,
          uniq_rupert
Shoals:1: layout_shoals
Shoals:2: layout_shoals, serial_shops, shop,
          nicolae_shoals_stone_sculpture_thing, nicolae_shoals_cliffside_cave,
          overgrown_hall, uniq_nikola, uniq_donald, uniq_ilsuiw
Shoals:3: cheibrodos_shoals_satyrical_garden, layout_shoals, serial_shops, shop,
          ebering_ghost_reflecting_pool
Shoals:4: shoals_end_simple, layout_shoals, shoal_ilsuiw
Snake:1:  layout_rooms, nrook_loot_triangle
Snake:2:  layout_basic, serial_shops, shop, uniq_vashnia, uniq_agnes
Snake:3:  layout_cave_shapes, serial_bayou_shore_b
Snake:4:  snake_pit, layout_cave_shapes, grunt_megastairs_2, uniq_aizul
Orc:1:    layout_caves, serial_shops, shop
Orc:2:    st_orc_elflike, layout_diamond_mine
Elf:1:    eino_elf_arrival_customs, layout_loops_cross, serial_shops, shop,
          minmay_elf_sorcery
Elf:2:    layout_geoelf_grid, st_stairs_8, minmay_shop_star
Elf:3:    minmay_elf_hall_spiked, layout_geoelf_castle, uniq_asterion
Vaults:1: hangedman_vaults_trim, nicolae_vaults_little_squares_2,
          nicolae_vaults_big_angled_halls, hangedman_vaults_river_flow,
          dpeg_vaults_monster_box, vaults_room_grunt_arrival_checkpoint,
          ontoclasm_vaults_idyll, hangedman_vaults_capsules,
          vaults_standard_mumra_x, vaults_room_semicircle,
          layout_vaults_omnicross, portal_desolation_entry_nicolae_slug
Vaults:2: grunt_vaults_focal, vaults_room_glass_cross, v_misc_8,
          vaults_room_fours, layout_vaults_omnigrid
Vaults:3: hangedman_vaults_corner, st_lines, nicolae_vaults_mini_display_case,
          nicolae_vaults_shelves_hall, nicolae_vaults_network_periphery,
          v_misc_12, hangedman_vaults_nails, v_alt_pattern_3,
          nicolae_vaults_shelves_hall, nicolae_vaults_gold_heap,
          ontoclasm_vaults_eye, minmay_crypt_entry_necro_gods,
          vaults_room_semicircle, ontoclasm_vaults_gateway,
          layout_vaults_big_room, serial_shops, nicolae_shop_stone,
          uniq_frederick, uniq_margery, uniq_jory
Vaults:4: ontoclasm_vaults_fault, nicolae_vaults_lopsided_apartments,
          nicolae_vaults_ninety_degrees, v_misc_16, v_misc_12,
          hangedman_vaults_hat, hangedman_vaults_slice, vaults_mumra_hex,
          ontoclasm_vaults_chip, nicolae_vaults_little_ls,
          ontoclasm_vaults_tryst, ontoclasm_vaults_twist,
          ontoclasm_vaults_misaligned, vaults_room_pool,
          hangedman_vaults_corner_blocks, layout_vaults_maze_bifur
Vaults:5
Crypt:1:  layout_rooms, basic_altar, st_stairs_8,
          grunt_crypt_arrival_guarded_gate, grunt_megastairs_1, uniq_boris
Crypt:2:  layout_regular_city, ebering_ghost_rock_garden, uniq_bai_suzhen
Crypt:3:  evilmike_haunted_forest
Depths:1: minmay_the_grid_four_pointed_star [minmay_the_grid_triangle_9x9_empty,
          minmay_the_grid_triangle_9x9_intruding_spiral,
          minmay_the_grid_triangle_9x9_skeleton,
          minmay_the_grid_triangle_9x9_semitri, minmay_the_grid_prize_big_room],
          layout_cave_shapes, okawaru_ov_weapons_minmay,
          pf_hell_entry_great_geh, chequers_decorated_corner,
          minmay_crystal_water, minivault_1, hangedman_aviary
Depths:2: kennysheep_gozag_temple, layout_cave_shapes, grunt_metal_band,
          moated_statue, serial_shops, shop_statue, grunt_pan_entry_in_and_out,
          abyss_entry, bh_walls_and_bars, minmay_shop_grove,
          infiniplex_staircase_zigzag_2
Depths:3: minmay_tri_stars, layout_cave_pools, rand_demon_pan_entry_5,
          serial_shops, shop_statue, hell_entry
Depths:4: box_level_dp, abyss_entry, hell_entry, serial_shops, pan_entry
Depths:5: grunt_zot_entry_tricorne, layout_cave_shapes, serial_shops,
          nicolae_shop_competitors_out_of_business, grunt_hell_entry_dis_old,
          hangedman_decor_peaks_small
Hell
Geh:1:    layout_gehenna_lava_caves
Geh:2:    layout_gehenna_lava_caves, lemuel_hellish_altar
Geh:3:    layout_gehenna_pools_basic, grunt_megastairs_4
Geh:4:    minmay_firetagon, layout_gehenna_pools_box,
          hangedman_elemental_grid_stream
Geh:5:    layout_gehenna_pools_basic
Geh:6:    layout_gehenna_pools_triple, lemuel_old_faithful
Geh:7:    geh_old
Zot:1:    layout_concentric_octagons
Zot:2:    layout_basic
Zot:3:    layout_gridlike, lemuel_elevator
Zot:4:    layout_misc_corridors
Zot:5:    layout_cathedral_of_symmetry, gammafunk_ghost_crypt
Abyss:1
Abyss:2
Abyss:3:  serial_sigils_hangedman_shear
Abyss:4:  evilmike_abyss_exit_14, hangedman_cross_veins,
          evilmike_nicolae_abyss_rune_containment_curve
Abyss:5:  evilmike_abyss_exit_10, hangedman_decor_lopped,
          gammafunk_abyss_rune_reverse_zot, guppyfry_abyss_exit_glass_guarded,
          eino_small_chamber_without_monster
Zig:1
Zig:2:    ziggurat_pillar_abc, ziggurat_pillar_abc, ziggurat_pillar_abc,
          ziggurat_pillar_abc
Zig:3
Zig:4
Zig:5
Zig:6
Zig:7
Zig:8:    ziggurat_pillar_abc, ziggurat_pillar_abc, ziggurat_pillar_abc,
          ziggurat_pillar_abc
Zig:9
Zig:10
Zig:11
Zig:12
Zig:13:   ziggurat_pillar_abc, ziggurat_pillar_abc, ziggurat_pillar_abc,
          ziggurat_pillar_abc
Zig:14
Zig:15
Sewer:    sewer_the_crocodile
IceCv:    ice_cave_tombish
Desolation

Skill      XL: |  1  2  3  4  5  6  7  8  9 10 11 12 13 14 15 16 17 18 19 20 21 22 23 24 25 26 27 |
---------------+----------------------------------------------------------------------------------+-----
Spellcasting   | 2 3 4 6 7 9 10 12 15 16 | 16.5
Fighting       | 1 2 3 4 5 7 8 9 10 12 13 16 19 | 19.5
Earth Magic    | 5 6 7 8 10 11 14 15 18 19 21 | 21.5
Conjurations   | 1 2 3 5 6 7 9 10 11 12 14 | 14.3
Long Blades    | 3 |  3.1
Invocations    | 5 8 12 15 | 15.8
Evocations     | 4 5 9 12 14 | 14.1
Dodging        | 4 7 8 9 12 15 17 20 22 | 22.5
Transmutations | 3 5 |  5.8
Armour         | 6 9 10 13 15 18 20 | 20.0
Translocations | 1 3 5 10 | 10.7
Shields        | 4 12 14 15 16 | 16.5
Axes           | 5 9 11 13 15 17 18 19 21 | 21.6
Necromancy     | 5 10 12 | 12.0
Stealth        | |  2.4

Action                   |  1- 3 |  4- 6 |  7- 9 | 10-12 | 13-15 | 16-18 | 19-21 | 22-24 | 25-27 || total
-------------------------+-------+-------+-------+-------+-------+-------+-------+-------+-------++-------
Melee: Unarmed           |    10 |       |       |       |       |       |       |       |       ||    10
       Mace              |    46 |    57 |       |       |       |       |       |       |       ||   103
       Spear             |       |     2 |    52 |       |       |       |       |       |       ||    54
       Falchion          |       |       |    18 |       |       |       |       |       |       ||    18
       Scimitar          |       |       |    20 |    57 |   108 |    18 |       |       |       ||   203
       Glaive            |       |       |       |    83 |       |       |       |       |       ||    83
       Staff             |       |       |       |       |     6 |       |       |       |       ||     6
       Broad axe         |       |       |       |       |       |   989 |  1259 |  1624 |  3190 ||  7062
Throw: Javelin           |    10 |       |       |       |       |       |       |       |       ||    10
       Stone             |     1 |       |       |       |       |       |       |       |       ||     1
       Tomahawk          |       |       |       |    12 |     2 |    15 |       |       |       ||    29
 Cast: Sandblast         |    40 |    76 |    54 |    55 |   164 |    50 |     2 |       |       ||   441
       Stone Arrow       |     2 |    30 |   113 |   180 |   433 |   227 |    42 |    11 |    35 ||  1073
       Lee's Rapid Decon |       |       |     5 |    90 |   174 |   189 |   127 |    74 |    72 ||   731
       Petrify           |       |       |       |       |    22 |    18 |     3 |       |       ||    43
       Blink             |       |       |       |       |     4 |     5 |     1 |     2 |    11 ||    23
       Passwall          |       |       |       |       |       |     4 |       |       |    12 ||    16
       Animate Skeleton  |       |       |       |       |       |    18 |     3 |     5 |    22 ||    48
       Lesser Beckoning  |       |       |       |       |       |     1 |       |       |     5 ||     6
       Apportation       |       |       |       |       |       |     3 |     1 |     1 |     4 ||     9
       Borgnjor's Vile C |       |       |       |       |       |       |    25 |    85 |   149 ||   259
       Bolt of Draining  |       |       |       |       |       |       |    24 |     7 |    19 ||    50
       Statue Form       |       |       |       |       |       |       |       |       |    10 ||    10
       Passage of Golubr |       |       |       |       |       |       |       |       |     2 ||     2
Invok: Lesser Servant of |       |       |       |       |       |     1 |       |       |       ||     1
 Abil: Heal Wounds       |       |     2 |     4 |     2 |       |       |       |       |       ||     8
Evoke: Wand              |       |       |       |     7 |    27 |    32 |     4 |     9 |    15 ||    94
       Sack of spiders   |       |       |       |       |     2 |       |       |       |       ||     2
       Phial of floods   |       |       |       |       |     2 |     2 |     3 |     3 |       ||    10
       Phantom mirror    |       |       |       |       |     1 |       |       |       |       ||     1
       Box of beasts     |       |       |       |       |     2 |       |       |       |       ||     2
       Lamp of fire      |       |       |       |       |       |     2 |       |       |       ||     2
  Use: Scroll            |       |     8 |    10 |     5 |    23 |     9 |     9 |     9 |    36 ||   109
       Potion            |       |       |       |     2 |     4 |     5 |     2 |     2 |    23 ||    38
 Stab: Sleeping          |     2 |       |     1 |     4 |       |       |       |       |     1 ||     8
       Petrified         |       |       |       |       |     2 |    27 |       |       |       ||    29
       Distracted        |       |       |       |       |       |     1 |       |     2 |     8 ||    11
       Petrifying        |       |       |       |       |       |     1 |       |       |       ||     1
       Invisible         |       |       |       |       |       |       |       |       |    18 ||    18
  Eat: Chunk             |     1 |    12 |    22 |    30 |    59 |    27 |    36 |    19 |    32 ||   238
       Ration            |       |       |     2 |     6 |     3 |     7 |     1 |     5 |     9 ||    33
Armor: Robe              |    41 |    50 |    38 |     5 |     2 |       |       |       |       ||   136
       Animal skin       |       |       |    10 |    51 |       |       |       |       |       ||    61
       Chain mail        |       |       |       |       |   285 |   473 |   289 |   193 |   361 ||  1601
       Skin              |       |       |       |       |       |       |       |       |   161 ||   161
Dodge: Dodged            |   108 |    99 |   111 |   172 |   183 |   422 |   353 |   525 |  2156 ||  4129
       Deflected         |       |       |     5 |    20 |    11 |   119 |    44 |    24 |    52 ||   275
Block: Shield            |       |       |       |       |       |  1090 |   986 |  1183 |  3142 ||  6401
       Reflection        |       |       |       |       |       |       |    49 |    49 |   100 ||   198
       Rpst.: Falchion   |       |       |     4 |       |       |       |       |       |       ||     4
       Scimitar          |       |       |    10 |    10 |    26 |     9 |       |       |       ||    55

Table legend:
 A = Non-vault XP
 B = Vault XP
 C = Vault XP percentage of total XP
 D = Non-vault monster count
 E = Vault monster count
 F = Vault count percentage of total count
                 A         B        C        D         E       F
            +---------+---------+-------+---------+---------+-------
      Total | 1311012 |  948777 |  42.0 |    2223 |    1116 |  33.4
            +---------+---------+-------+---------+---------+-------
        D:1 |      61 |       0 |   0.0 |      34 |       0 |   0.0
        D:2 |      75 |       6 |   7.4 |      21 |       6 |  22.2
        D:3 |     103 |      35 |  25.4 |      17 |       1 |   5.6
        D:4 |     233 |     304 |  56.6 |      11 |      13 |  54.2
        D:5 |     393 |     850 |  68.4 |      19 |      27 |  58.7
        D:6 |     852 |     268 |  23.9 |      21 |       1 |   4.5
        D:7 |     333 |       0 |   0.0 |       6 |       0 |   0.0
        D:8 |    2629 |     770 |  22.7 |      29 |       6 |  17.1
        D:9 |    3284 |    5159 |  61.1 |      23 |      28 |  54.9
       D:10 |    1448 |     781 |  35.0 |      22 |       1 |   4.3
       D:11 |    2914 |   14527 |  83.3 |      37 |      20 |  35.1
       D:12 |    3122 |     418 |  11.8 |      32 |       1 |   3.0
       D:13 |   14138 |       0 |   0.0 |      40 |       0 |   0.0
       D:14 |    5270 |    7928 |  60.1 |      19 |       8 |  29.6
       D:15 |    7733 |    2341 |  23.2 |      28 |       3 |   9.7
     Lair:1 |    3721 |    4404 |  54.2 |      24 |      11 |  31.4
     Lair:2 |    6831 |       0 |   0.0 |      27 |       0 |   0.0
     Lair:3 |    4148 |     169 |   3.9 |      14 |       1 |   6.7
     Lair:4 |    4321 |       0 |   0.0 |      20 |       0 |   0.0
     Lair:5 |    8461 |    4879 |  36.6 |      29 |      13 |  31.0
     Lair:6 |   12740 |    9179 |  41.9 |      25 |      13 |  34.2
   Shoals:1 |   17290 |    2363 |  12.0 |      38 |       2 |   5.0
   Shoals:2 |   17307 |    8036 |  31.7 |      36 |       5 |  12.2
   Shoals:3 |   12352 |    3276 |  21.0 |      27 |       7 |  20.6
   Shoals:4 |   14715 |   26142 |  64.0 |      34 |      40 |  54.1
    Snake:1 |   16015 |       0 |   0.0 |      35 |       0 |   0.0
    Snake:2 |   11972 |   10525 |  46.8 |      28 |       6 |  17.6
    Snake:3 |   20720 |       0 |   0.0 |      39 |       0 |   0.0
    Snake:4 |   23955 |   32574 |  57.6 |      49 |      48 |  49.5
      Orc:1 |    2970 |       0 |   0.0 |      32 |       0 |   0.0
      Orc:2 |    9989 |    8294 |  45.4 |      48 |      25 |  34.2
      Elf:1 |   15767 |   11045 |  41.2 |      28 |      18 |  39.1
      Elf:2 |   24733 |   22565 |  47.7 |      38 |      29 |  43.3
      Elf:3 |   39664 |   55747 |  58.4 |      63 |      37 |  37.0
   Vaults:1 |   30062 |   19108 |  38.9 |      45 |      29 |  39.2
   Vaults:2 |   49470 |    5477 |  10.0 |      87 |       7 |   7.4
   Vaults:3 |   17151 |   49696 |  74.3 |      21 |      45 |  68.2
   Vaults:4 |   19990 |   30653 |  60.5 |      29 |      35 |  54.7
   Vaults:5 |   27025 |  146808 |  84.5 |      39 |      99 |  71.7
    Crypt:1 |   20170 |   10362 |  33.9 |      37 |       7 |  15.9
    Crypt:2 |   33984 |    4910 |  12.6 |      41 |       1 |   2.4
    Crypt:3 |       0 |   85992 | 100.0 |       0 |     114 | 100.0
   Depths:1 |   25169 |   33784 |  57.3 |      35 |      27 |  43.5
   Depths:2 |   55961 |   18714 |  25.1 |      80 |      28 |  25.9
   Depths:3 |   27422 |   15108 |  35.5 |      41 |      19 |  31.7
   Depths:4 |   51925 |   87613 |  62.8 |      69 |      69 |  50.0
   Depths:5 |   53031 |   25365 |  32.4 |      35 |      16 |  31.4
       Hell |   23843 |   22974 |  49.1 |      33 |      37 |  52.9
      Geh:1 |    6691 |       0 |   0.0 |      10 |       0 |   0.0
      Geh:2 |   14124 |       0 |   0.0 |      25 |       0 |   0.0
      Geh:3 |    1008 |    3897 |  79.4 |       3 |       7 |  70.0
      Geh:4 |    9463 |       0 |   0.0 |      36 |       0 |   0.0
      Geh:5 |   18334 |       0 |   0.0 |      32 |       0 |   0.0
      Geh:6 |    6300 |       0 |   0.0 |      15 |       0 |   0.0
      Geh:7 |   26305 |   27151 |  50.8 |      44 |      27 |  38.0
      Zot:1 |   36016 |       0 |   0.0 |      25 |       0 |   0.0
      Zot:2 |   52436 |       0 |   0.0 |      39 |       0 |   0.0
      Zot:3 |   36439 |    2983 |   7.6 |      24 |       1 |   4.0
      Zot:4 |   44235 |       0 |   0.0 |      28 |       0 |   0.0
      Zot:5 |   14824 |   35344 |  70.5 |      10 |       5 |  33.3
    Abyss:1 |    2480 |       0 |   0.0 |       4 |       0 |   0.0
    Abyss:2 |   10071 |       0 |   0.0 |      25 |       0 |   0.0
    Abyss:3 |   21207 |    6364 |  23.1 |      35 |      11 |  23.9
    Abyss:4 |    3893 |   17038 |  81.4 |      12 |      17 |  58.6
    Abyss:5 |   13805 |       0 |   0.0 |      27 |       0 |   0.0
      Zig:1 |    2438 |       0 |   0.0 |       2 |       0 |   0.0
      Zig:2 |    1043 |       0 |   0.0 |       5 |       0 |   0.0
      Zig:3 |    4064 |       0 |   0.0 |       3 |       0 |   0.0
      Zig:4 |    7389 |       0 |   0.0 |       4 |       0 |   0.0
      Zig:5 |    6054 |       0 |   0.0 |       8 |       0 |   0.0
      Zig:6 |    6234 |    2304 |  27.0 |       9 |       4 |  30.8
      Zig:7 |    9534 |       0 |   0.0 |      10 |       0 |   0.0
      Zig:8 |   10321 |       0 |   0.0 |       9 |       0 |   0.0
      Zig:9 |   19926 |       0 |   0.0 |      11 |       0 |   0.0
     Zig:10 |   13965 |       0 |   0.0 |      19 |       0 |   0.0
     Zig:11 |   18012 |       0 |   0.0 |      31 |       0 |   0.0
     Zig:12 |   17097 |       0 |   0.0 |      25 |       0 |   0.0
     Zig:13 |   33526 |       0 |   0.0 |      22 |       0 |   0.0
     Zig:14 |   47249 |    2394 |   4.8 |      43 |       4 |   8.5
     Zig:15 |   51067 |       0 |   0.0 |      43 |       0 |   0.0
      Sewer |       0 |     114 | 100.0 |       0 |       6 | 100.0
      IceCv |       0 |    5121 | 100.0 |       0 |      23 | 100.0
 Desolation |       0 |   56918 | 100.0 |       0 |     108 | 100.0
            +---------+---------+-------+---------+---------+-------
